 Dungeon Crawl Stone Soup version 0.22-a0-455-ga0624bf62c (webtiles) character file.

259 Ordine the Magician (level 5, 0/28 HPs)
             Began as a Deep Elf Wizard on June 5, 2018.
             Slain by an orc priest (5 damage)
             ... on level 3 of the Dungeon.
             The game lasted 00:08:58 (2940 turns).

Ordine the Magician (Deep Elf Wizard)               Turns: 2940, Time: 00:08:58

Health: 0/28       AC:  3    Str:  4    XL:     5   Next: 94%
Magic:  0/15       EV: 13    Int: 24    God:
Gold:   88         SH:  0    Dex: 13    Spells: 6/15 levels left

rFire    . . .     SeeInvis .   j - +0 short sword
rCold    . . .     Gourm    .   (no shield)
rNeg     . . .     Faith    .   a - +0 robe
rPois    .         Spirit   .   b - +0 hat
rElec    .         Reflect  .   (no cloak)
rCorr    .         Harm     .   e - +0 pair of gloves
MR       .....                  (no boots)
Stlth    ++........             (no amulet)
HPRegen  0.09/turn              f - ring of flight
MPRegen  0.14/turn              (no ring)

@: very slightly contaminated
A: no striking features
a: Evoke Flight


You were on level 3 of the Dungeon.
You were not hungry.

You visited 1 branch of the dungeon, and saw 3 of its levels.

You collected 88 gold pieces.

Inventory:

Hand Weapons
 j - a +0 short sword (weapon)
Armour
 a - a +0 robe (worn)
 b - a +0 hat (worn)
 e - a +0 pair of gloves (worn)
Jewellery
 f - a ring of flight (left hand)
Scrolls
 c - a scroll of enchant weapon
Potions
 g - a potion of haste
Comestibles
 d - 3 rations
 i - 4 chunks of flesh


   Skills:
 - Level 3.0 Dodging
 - Level 3.0 Stealth
 * Level 5.8 Spellcasting
 - Level 3.0 Conjurations
   Level 1.1 Summonings
 - Level 2.0 Translocations
 + Level 1.8 Fire Magic
 + Level 1.7 Air Magic
 + Level 1.9 Poison Magic


You had 6 spell levels left.
You knew the following spells:

 Your Spells              Type           Power        Failure   Level  Hunger
a - Magic Dart            Conj           ###.         2%          1    None
b - Blink                 Tloc           N/A          5%          2    None
c - Conjure Flame         Conj/Fire      ###.....     9%          3    #......
d - Mephitic Cloud        Conj/Pois/Air  ###.....     10%         3    #......

Your spell library contained the following spells:

 Spells                   Type           Power        Failure   Level  Hunger
 Slow                     Hex            #.......     12%         2    None
 Call Imp                 Summ           ##......     8%          2    None


Dungeon Overview and Level Annotations

Branches:
Dungeon (3/15)

Altars:


Message History

The orc priest hits you.
* * * LOW HITPOINT WARNING * * *
The orc priest closely misses you.
You feel better.
The orc priest looks satisfied for a moment.
You hit the orc priest but do no damage.
The orc priest is lightly wounded.
A kobold comes into view.
The orc priest invokes the aid of Beogh against you.
Beogh smites you!
* * * LOW HITPOINT WARNING * * *
Casting: Magic Dart (safe; 2% risk of failure)
Confirm with . or Enter, or press ? or * to list all spells.
Aiming: Magic Dart (safe; 2% risk of failure)
Press: ? - help, Shift-Dir - straight line, f/p - orc priest
Aim: an orc priest, wearing a leather armour (lightly wounded)
The magic dart hits the orc priest.
The orc priest is lightly wounded.
The orc priest hits you.
You die...

#.#..........##...........
#............##...#.......
#####'###....###.#_#.####+
#.# #.........#....##. #.#
#...((.........##. ..#
#.........$...W##. ###
#................W
#.([..............
######@................
.K....o..............###
....%..................
....[...................
...........##########...
...........# ...
...........# ...........#
..........#


You could see an orc priest and a kobold.

Vanquished Creatures
  A phantom (D:3)
  An orc priest (D:3)
  An orc wizard (D:3)
  2 adders (D:2)
  2 oozes (D:3)
  4 worms
  A dart slug (D:3)
  7 orcs (D:3)
  7 bats
  A giant cockroach (D:2)
  6 hobgoblins
  3 quokkas
  3 ball pythons
  A frilled lizard (D:1)
  9 goblins
  10 kobolds
  3 rats
62 creatures vanquished.

Notes
Turn   | Place    | Note
-------+----------+-------------------------------------------
     0 | D:1      | Ordine the Deep Elf Wizard began the quest for the Orb.
     0 | D:1      | Reached XP level 1. HP: 10/10 MP: 7/7
   306 | D:1      | Reached XP level 2. HP: 15/15 MP: 6/9
   310 | D:1      | Learned a level 2 spell: Blink
   923 | D:2      | Reached XP level 3. HP: 16/19 MP: 4/11
  1267 | D:2      | Learned a level 3 spell: Conjure Flame
  1271 | D:2      | Learned a level 3 spell: Mephitic Cloud
  1994 | D:3      | Reached XP level 4. HP: 24/24 MP: 1/12
  2245 | D:3      | Noticed a phantom
  2400 | D:3      | Reached skill level 5 in Spellcasting
  2405 | D:3      | Reached skill level 1 in Air Magic
  2480 | D:3      | Found a faded altar of an unknown god.
  2504 | D:3      | Reached skill level 1 in Poison Magic
  2581 | D:3      | Reached skill level 1 in Fire Magic
  2581 | D:3      | Reached XP level 5. HP: 16/28 MP: 0/14
  2754 | D:3      | Killed a phantom
  2940 | D:3      | Slain by an orc priest

Vault maps used:
D:1:      dpeg_arrival_three_same_balls
D:2:      serial_co_window_serial, co_window_paths_b, co_window_paths_a,
          co_window_corner_a, co_window_of_opportunity_a, co_window_corner_a,
          co_window_corner_b, co_window_of_opportunity_c,
          co_window_unsneaky_path_a, co_window_paths_c,
          co_window_of_opportunity_b, co_window_broadway_b
D:3:      led_sif_pool, first_ration, chequers_ecumenical_altar_simple,
          minmay_goblin_kobold_house, uniq_ijyb

Skill      XL: |  1  2  3  4 |
---------------+-------------+-----
Conjurations   | 2 3 |  3.0
Stealth        | 3 |  3.0
Dodging        | 3 |  3.0
Spellcasting   | 5 |  5.8
Air Magic      | 1 |  1.7
Translocations | 2 |  2.0
Poison Magic   | 1 |  1.9
Fire Magic     | 1 |  1.8
Summonings     | |  1.1

Action                   |  1- 3 |  4- 6 || total
-------------------------+-------+-------++-------
Melee: Unarmed           |     1 |    41 ||    42
       Short sword       |       |     5 ||     5
 Cast: Magic Dart        |   103 |    85 ||   188
       Mephitic Cloud    |       |     2 ||     2
  Use: Scroll            |     5 |       ||     5
       Potion            |       |     4 ||     4
  Eat: Chunk             |     3 |     3 ||     6
Armor: Robe              |     2 |    33 ||    35
Dodge: Dodged            |     8 |    80 ||    88

Table legend:
 A = Spawn XP
 B = Non-spawn XP
 C = Spawn XP percentage of total XP
 D = Spawn monster count
 E = Non-spawn monster count
 F = Spawn count percentage of total count
 G = Total turns spent on level
                    A         B        C        D         E        F      G
               +---------+---------+-------+---------+---------+-------+---------
         Total |       0 |     370 |   0.0 |       0 |      62 |   0.0 |  2940
               +---------+---------+-------+---------+---------+-------+---------
           D:1 |       0 |      19 |   0.0 |       0 |      13 |   0.0 |   537
           D:2 |       0 |      71 |   0.0 |       0 |      23 |   0.0 |  1456
           D:3 |       0 |     280 |   0.0 |       0 |      26 |   0.0 |   947
               +---------+---------+-------+---------+---------+-------+---------
